 Dungeon Crawl Stone Soup version 0.29.1-13-g9f3cf754e1 (webtiles) character file.

Game seed: 7835980105192547212

511 jeSti the Trooper (level 7, -3/61 HPs)
             Began as a Hill Orc Fighter on Feb 10, 2023.
             Was a Follower of the Shining One.
             Succumbed to a killer bee's poison
             ... on level 5 of the Dungeon.
             The game lasted 00:22:51 (3528 turns).

jeSti the Trooper (Hill Orc Fighter)                Turns: 3528, Time: 00:22:52

Health: -3/61      AC:  7    Str: 21    XL:     7   Next: 19%
Magic:  7/7        EV:  9    Int: 14    God:    the Shining One [*.....]
Gold:   260        SH:  4    Dex: 10    Spells: 6/6 levels left

rFire   + . .      SeeInvis .   f - +4 trident
rCold   x . .      Faith    .   c - +0 buckler
rNeg    . . .      Spirit   .   b - +0 scale mail
rPois   .          Reflect  .   (no helmet)
rElec   .          Harm     .   (no cloak)
rCorr   .          Rampage  .   (no gloves)
Will    .....                   (no boots)
Stlth   ..........              (no amulet)
HPRegen 0.20/turn               v - ring of fire
MPRegen 0.10/turn               k - +6 ring of intelligence

@: lethally poisoned (-3 -> -27), glowing
A: no striking features
a: Renounce Religion, Divine Shield


You were on level 5 of the Dungeon.
You worshipped the Shining One.
The Shining One was aware of your devotion.
You visited 1 branch of the dungeon, and saw 5 of its levels.

You collected 260 gold pieces.

Inventory:

Hand Weapons
 a - a +0 war axe
 f - a +4 trident (weapon)
 h - a +0 short sword
 j - a +0 club
 l - a +0 dagger
 r - a +0 mace
Missiles
 g - 37 stones (quivered)
Armour
 b - a +0 scale mail (worn)
 c - a +0 buckler (worn)
 e - a +0 ring mail
 i - a +0 leather armour
Jewellery
 k - a +6 ring of intelligence (right hand)
 v - a ring of fire (left hand)
Wands
 x - a wand of charming (9)
 y - a wand of flame (17)
Scrolls
 p - 2 scrolls of magic mapping {unknown}
 q - 6 scrolls of identify {unknown}
 s - a scroll of summoning {unknown}
 t - 4 scrolls of teleportation {unknown}
 w - 4 scrolls of enchant weapon {unknown}
 z - a scroll of fear {unknown}
 A - a scroll of noise {unknown}
 B - a scroll of blinking
Potions
 d - a potion of might
 m - 3 potions of curing {unknown}
 n - a potion of berserk rage {unknown}
 o - a potion of magic {unknown}
 u - 3 potions of heal wounds {unknown}


   Skills:
 + Level 5.6 Fighting
 + Level 2.9(4.9) Axes
 + Level 5.1(5.4) Polearms
 + Level 4.9 Armour
 + Level 0.3 Dodging
 + Level 0.2 Stealth
 + Level 4.0 Shields


You had 6 spell levels left.
You didn't know any spells.
Your spell library contained the following spells:

 Spells                   Type           Power      Damage    Failure   Level
 Blink                    Tloc           0%         N/A       83%         2
 Dazzling Flash           Conj/Hex       0%         N/A       96%         3
 Ignite Poison            Fire/Tmut/Pois 0%         N/A       96%         3
 Lesser Beckoning         Tloc           0%         N/A       96%         3
 Mephitic Cloud           Conj/Pois/Air  0%         N/A       96%         3
 Ozocubu's Armour         Ice            0%         N/A       96%         3
 Iskenderun's Mystic Bla  Conj/Tloc      0%         2d3       100%        4
 Freezing Cloud           Conj/Ice/Air   0%         6-21      100%        5
 Manifold Assault         Tloc           0%         N/A       100%        5
 Starburst                Conj/Fire      0%         6d3       100%        6
 Ozocubu's Refrigeration  Ice            0%         4d7       100%        7


Dungeon Overview and Level Annotations

Branches:
Dungeon (5/15)
 Temple: D:4-7

Altars:
Cheibriados
Dithmenos
Fedhas
Zin
The Shining One

Shops:
D:3 !


Message History

You feel very sick. You block the killer bee's attack.
The killer bee stings you. The killer bee closely misses you. x2
You are too injured to fight recklessly!
You are too injured to fight recklessly!
You are too injured to fight recklessly!
You are too injured to fight recklessly!
You are too injured to fight recklessly!
You are too injured to fight recklessly!
You are too injured to fight recklessly!
You are too injured to fight recklessly!
You hit the killer bee.
The killer bee is lightly wounded.
You feel very sick. The killer bee stings you. x2
* * * LOW HITPOINT WARNING * * *
You are lethally poisoned!
The killer bee poisons you!
The killer bee stings you but does no damage.
The killer bee barely misses you.
Unknown command.
Unknown command.
Unknown command.
You feel clever.
k - a +6 ring of intelligence (right hand)
* * * LOW HITPOINT WARNING * * *
You feel very sick. The killer bee barely misses you.
The killer bee stings you.
* * * LOW HITPOINT WARNING * * *
The killer bee attacks as you move away!
The killer bee stings you.
* * * LOW HITPOINT WARNING * * *
You are more poisoned.
The killer bee poisons you!
The killer bee attacks as you move away!
The killer bee barely misses you.
* * * LOW HITPOINT WARNING * * *
You feel extremely sick. The killer bee completely misses you.
The killer bee closely misses you.
You die...

#.....## #..# .#
#......####># .##
##...........## ..#
#...#.....)...#####..#####
#..####.†.##...#..........
#.. ##...###.............
##.###.....##.............
#....>....#.....y<......
#.............@.y.......
+.......................
#......................#
##.....<...............##
##......[..[............#
#......................##
.............)..#####..#
.######.....##### #.. #
#..####


You could see 2 killer bees.

Vanquished Creatures
  A bullfrog (D:5)
  A scorpion (D:5)
  A killer bee (D:5)
  2 hounds (D:4)
  Jessica (D:3)
  2 iguanas (D:4)
  7 gnolls
  4 adders
  6 dart slugs
  12 orcs
  4 ball pythons
  4 endoplasms
  5 giant cockroaches
  9 goblins
  9 hobgoblins
  2 jackals (D:1)
  4 quokkas
  5 bats
  4 frilled lizards
  7 kobolds
  8 rats
98 creatures vanquished.

Vanquished Creatures (others)
  An orc (D:3)
1 creature vanquished.

Grand Total: 99 creatures vanquished

Notes
Turn   | Place    | Note
-------+----------+-------------------------------------------
     0 | D:1      | jeSti the Hill Orc Fighter began the quest for the Orb.
     0 | D:1      | Reached XP level 1. HP: 19/19 MP: 1/1
   151 | D:1      | Reached XP level 2. HP: 27/27 MP: 2/2
   435 | D:1      | You fall into a shaft and drop 1 floor!
   445 | D:2      | Reached XP level 3. HP: 33/33 MP: 3/3
   585 | D:4      | Reached skill level 1 in Polearms
   585 | D:4      | Reached XP level 4. HP: 25/41 MP: 4/4
   911 | D:4      | Reached XP level 5. HP: 29/47 MP: 5/5
  1345 | D:3      | Found Pihait's Distillery.
  1445 | D:3      | Became a worshipper of Beogh the Brigand
  1468 | D:3      | Found a glowing golden altar of the Shining One.
  1554 | D:3      | Fell from the grace of Beogh
  1554 | D:3      | Became a worshipper of the Shining One
  1584 | D:3      | Noticed Jessica
  1593 | D:3      | Killed Jessica
  1594 | D:3      | Reached skill level 5 in Fighting
  1605 | D:3      | Found a blossoming altar of Fedhas.
  1605 | D:3      | Found a snail-covered altar of Cheibriados.
  1606 | D:3      | Found a glowing silver altar of Zin.
  2336 | D:2      | Reached XP level 6. HP: 56/56 MP: 6/6
  3237 | D:4      | Found a shadowy altar of Dithmenos.
  3444 | D:5      | Entered Level 5 of the Dungeon
  3480 | D:5      | Reached XP level 7. HP: 61/61 MP: 7/7
  3485 | D:5      | Reached skill level 5 in Polearms
  3519 | D:5      | Reached * piety under the Shining One
  3527 | D:5      | HP: 2/61 [poisoned by a killer bee]
  3528 | D:5      | Succumbed to a killer bee's poison

Illustrated notes

Levels and vault maps discovered:
D:1:      minmay_arrival_arboretum_small, layout_loops_ring
D:2:      layout_loops_cross
D:3:      layout_basic, mainiacjoe_overflow_concentric_impassable, minitemple,
          serial_shops, shop, chequers_arboretum, st_stairs_1, uniq_jessica
D:4:      layout_loops_cross, mainiacjoe_overflow_tiny_flanked,
          kennysheep_big_empty_room, nrook_mini_backslash
D:5:      layout_layer_cave, dk_noncrumbling_4, skrybe_limestone_x

Skill      XL: |  1  2  3  4  5  6  7 |
---------------+----------------------+-----
Fighting       | 4 5 |  5.6
Polearms       | 1 2 3 4 5 |  5.1
Armour         | 4 |  4.9
Shields        | 4 |  4.0
Axes           | |  2.9
Dodging        | |  0.3
Stealth        | |  0.2

Action                   |  1- 3 |  4- 6 |  7- 9 || total
-------------------------+-------+-------+-------++-------
Melee: Trident           |    59 |   155 |     7 ||   221
       War axe           |     3 |       |       ||     3
Invok: Convert to Beogh  |       |     1 |       ||     1
  Use: Scroll            |       |     1 |       ||     1
Armor: Scale mail        |    30 |    37 |     5 ||    72
Dodge: Dodged            |    34 |    53 |    10 ||    97
Block: Buckler           |    15 |    16 |     1 ||    32
